 Dungeon Crawl Stone Soup version 0.30-a0-469-g84de5afbc5 (webtiles) character file.

Game seed: 3564512563923844787

99 kae the Firebug (level 4, -4/24 HPs)
             Began as a Tengu Fire Elementalist on Dec 19, 2022.
             Slain by an orc
             ... wielding a +0 war axe
              (10 damage)
             ... on level 2 of the Dungeon.
             The game lasted 00:01:36 (2465 turns).

kae the Firebug (Tengu Fire Elementalist)           Turns: 2465, Time: 00:01:37

Health: -4/24      AC:  2    Str:  8    XL:     4   Next: 72%
Magic:  0/9        EV: 12    Int: 18    God:
Gold:   123        SH:  0    Dex: 14    Spells: 2/8 levels left

rFire   x . .      SeeInvis .    e - +0 dagger
rCold   + . .      Faith    .    (no shield)
rNeg    . . .      Spirit   .    a - +0 robe
rPois   .          Reflect  .    (helmet restricted)
rElec   .          Harm     .    (no cloak)
rCorr   .          Rampage  .    (no gloves)
Will    .....                    (boots unavailable)
Stlth   ++........               (no amulet)
HPRegen 0.24/turn                C - ring of ice
MPRegen 0.11/turn                (no ring)

@: no status effects
A: beak, talons 3
a: no special abilities


You were on level 2 of the Dungeon.
You visited 1 branch of the dungeon, and saw 3 of its levels.

You collected 123 gold pieces.


Innate Abilities, Weirdness & Mutations

You have a beak for a mouth.
You have claws for feet.


   Skills:
 - Level 2.1 Dodging
 - Level 2.0 Stealth
 + Level 2.7 Spellcasting
 + Level 3.1 Conjurations
 * Level 4.7 Fire Magic


You had 2 spell levels left.
You knew the following spells:

 Your Spells              Type           Power      Damage    Failure   Level
a - Foxfire               Conj/Fire      64%        2x1d7     3%          1
b - Scorch                Fire           38%        2d7       3%          2
c - Inner Flame           Hex/Fire       11%        N/A       19%         3

Your spell library contained the following spells:

 Spells                   Type           Power      Damage    Failure   Level
 Apportation              Tloc           4%         N/A       17%         1
 Kindle Blastsparks       Fire/Tloc/Air  16%        2d11      26%         3
 Flame Wave               Conj/Fire      16%        2d7       32%         4
 Ozocubu's Armour         Ice            3%         N/A       45%         3
 Alistair's Intoxication  Tmut/Pois      1%         N/A       99%         5
 Metabolic Englaciation   Hex/Ice        1%         N/A       99%         5
 Simulacrum               Ice/Necr       1%         N/A       100%        6

Inventory:

Hand Weapons
 e - a +0 dagger (weapon)
   (You took it off a goblin on level 1 of the Dungeon)
Missiles
 c - 31 stones
 f - 3 poisoned darts
Armour
 a - a +0 robe (worn)
Jewellery
 C - a ring of ice (left hand)
   (You found it on level 1 of the Dungeon)
Scrolls
 d - 3 scrolls of identify {unknown}
 h - a scroll of teleportation {unknown}
 i - 2 scrolls of fog {unknown}
 k - a scroll of noise {unknown}
 l - a scroll of immolation {unknown}
 n - a scroll of enchant weapon {unknown}
Potions
 b - a potion of magic
 g - 2 potions of curing {unknown}
 j - a potion of haste {unknown}
 m - a potion of degeneration {unknown}

Dungeon Overview and Level Annotations

Branches:
Dungeon (3/15) Zot: 15529

Altars:

Shops:
D:1

[ #.### ##.....## ###.# #.#
##...## #.# #.# ##+## #.#
#.# #########.# #.# #.#
#.........## #.#
#.###.######...## #.#
#........###..#.#########.#
#####.##.##..###..........#
#.##.###.@#v###########
#.##.....o>#ยง#
#.........#.##
#########..## #.## #.#
#.######### #<#.......#
#.#.#####.#


You could see an orc.


Message History

In your confused state, you trip and fall back down the stairs.
The orc priest begins to cast a cantrip, but forgets the words! ๐Ÿ˜• HP[-1]
You take 1 damage, and now have 23/24 hp.
The orc wizard casts a spell at you. The magic dart hits you!
You climb upwards.
There is a stone staircase leading down here. ๐Ÿ˜ฎ HP[-7]
You take 7 damage, and now have 16/24 hp.
MASSIVE DAMAGE!! (PAUSE)
You can't go up here!
You can't go up here!
Unknown command.
Unknown command.
You start resting.
You feel less confused. ๐Ÿ˜ฎ HP[+1]
You start resting. ๐Ÿ˜• HP[+3]
You regained 3 hp, and now have 20/24 hp.
Unknown command.
Done exploring.
You start resting. ๐Ÿ˜Ž HP[+4]
Your hp is fully restored (24).
Okay, then.
Done exploring.
Done exploring.
Items here: )))) รท.
There is a stone staircase leading up here.
There is a stone staircase leading down here.
You climb downwards.
The adder hisses angrily.
There is a stone staircase leading up here.
There are monsters nearby!
There are monsters nearby!
Casting: Foxfire (safe; 3% risk of failure)
Confirm with . or Enter, or press ? or * to list all spells.
Flames lash the adder.
The adder's fire resistance burns away.
You hear a shout! x2; You hear an angry hiss.
You hear a shout!
The adder completely misses you.
The adder bites you. x2 ๐Ÿ˜• HP[-5] MP[-2]
You take 5 damage, and now have 19/24 hp.
MASSIVE DAMAGE!! (PAUSE)
You lost 2 mp, and now have 6/8 mp.
Casting: Scorch (safe; 3% risk of failure)
Confirm with . or Enter, or press ? or * to list all spells.
Flames lash the adder.
The adder is burned terribly!
You kill the adder! ๐Ÿ˜• HP[+1] MP[-2]
You lost 2 mp, and now have 4/9 mp.
Casting: Scorch (safe; 3% risk of failure)
Confirm with . or Enter, or press ? or * to list all spells.
Flames lash the quokka.
You kill the quokka!
A goblin comes into view. It is wielding a +0 dagger.
An orc comes into view.
It is wielding a +0 war axe. ๐Ÿ˜• MP[-2]
You lost 2 mp, and now have 2/9 mp.
Casting: Scorch (safe; 3% risk of failure)
Confirm with . or Enter, or press ? or * to list all spells.
Flames lash the goblin.
You kill the goblin!
You hear an angry hiss.
A kobold comes into view. It is wielding a +0 club.
The kobold throws a stone.
The stone completely misses you.
The stone barely misses the orc. ๐Ÿ˜• HP[+1] MP[-2]
You lost 2 mp, and now have 0/9 mp.
There are monsters nearby!
The orc barely misses you.
You climb upwards.
There is a stone staircase leading down here. ๐Ÿ˜• MP[+1] Unknown command.
You hit the orc but do no damage. Your kick misses the orc.
You peck the orc, but do no damage. The orc barely misses you.
You hit the orc but do no damage. You peck the orc, but do no damage.
The orc hits you with a +0 war axe!
* * * LOW HITPOINT WARNING * * *
๐Ÿ˜จ HP[-9]
You take 9 damage, and now have 12/24 hp.
MASSIVE DAMAGE!! (PAUSE)
Casting: Scorch (safe; 3% risk of failure)
Confirm with . or Enter, or press ? or * to list all spells.
You conjure some foxfire!
The orc hits you with a +0 war axe!
* * * LOW HITPOINT WARNING * * *
The foxfire hits the orc but does no damage.
The orc barely misses you. ๐Ÿ˜ฑ HP[-7] MP[-1]
You take 7 damage, and now have 5/24 hp.
MASSIVE DAMAGE!! (PAUSE)
You lost 1 mp, and now have 0/9 mp.
You closely miss the orc. The orc closely misses you. ๐Ÿ˜ฑ HP[+1]
You closely miss the orc. Your kick misses the orc.
The orc hits you with a +0 war axe!
You die...

Skill      XL: |  1  2  3  4 |
---------------+-------------+-----
Conjurations   | 2 3 |  3.1
Fire Magic     | 4 |  4.7
Dodging        | |  2.1
Stealth        | |  2.0
Spellcasting   | |  2.7

Action                   |  1- 3 |  4- 6 || total
-------------------------+-------+-------++-------
Melee: Dagger            |    12 |     4 ||    16
       Kick              |     4 |       ||     4
       Peck              |     3 |     2 ||     5
 Cast: Foxfire           |    68 |    14 ||    82
       Scorch            |     3 |    17 ||    20
Armor: Robe              |     3 |     6 ||     9
Dodge: Dodged            |    11 |    38 ||    49

Levels and vault maps discovered:
D:1:      nzn_arrival_depleted_hourglass, layout_rooms, serial_shops,
          nicolae_shop_overgrown_old_shop
D:2:      layout_loops_corners, minivault_26
D:3:      layout_rooms, mainiacjoe_overflow_surrounded_room, uniq_robin,
          uniq_jessica, uniq_ijyb

Notes
Turn   | Place    | Note
-------+----------+-------------------------------------------
     0 | D:1      | kae the Tengu Fire Elementalist began the quest for the
                  | Orb.
     0 | D:1      | Reached XP level 1. HP: 10/10 MP: 4/4
     0 | D:1      | magus.rc [v1.11.3]
    82 | D:1      | Found Umuesic's Antique Armour Shop.
   218 | D:1      | Reached XP level 2. HP: 15/15 MP: 4/6
   378 | D:1      | Reached skill level 2 in Conjurations
   499 | D:1      | Reached XP level 3. HP: 19/19 MP: 3/7
   500 | D:1      | Reached skill level 4 in Fire Magic
   502 | D:1      | Learned a level 2 spell: Scorch
   506 | D:1      | Learned a level 3 spell: Inner Flame
   522 | D:1      | You pick up a book of Party Tricks and begin reading...
   522 | D:1      | You add the spells Apportation and Alistair's Intoxication
                  | to your library.
   867 | D:2      | You pick up a book of Winter and begin reading...
   867 | D:2      | You add the spells Ozocubu's Armour, Metabolic Englaciation
                  | and Simulacrum to your library.
  1944 | D:3      | Noticed Robin
  1946 | D:3      | Reached XP level 4. HP: 22/24 MP: 6/8
  1990 | D:2      | HP: 6/24 [ball python (2)]
  2212 | D:3      | Killed Robin
  2263 | D:3      | Reached skill level 3 in Conjurations
  2300 | D:3      | HP: 5/24 [orc wizard/puff of flame (6)]
  2461 | D:2      | HP: 5/24 [orc/+0 war axe (7)]
  2465 | D:2      | Slain by an orc

Vanquished Creatures
  Robin (D:3)
  2 adders
  2 dart slugs
  An orc (D:3)
  4 ball pythons
  2 endoplasms
  2 giant cockroaches
  12 goblins
  10 hobgoblins
  3 jackals (D:1)
  4 kobolds (D:1)
  2 quokkas
  5 bats
  2 frilled lizards
  4 rats (D:1)
56 creatures vanquished.

Vanquished Creatures (collateral kills)
  5 foxfires (D:1)
5 creatures vanquished.

Vanquished Creatures (others)
  121 foxfires
121 creatures vanquished.

Grand Total: 182 creatures vanquished

Table legend:
 A = Non-vault XP
 B = Vault XP
 C = Vault XP percentage of total XP
 D = Non-vault monster count
 E = Vault monster count
 F = Vault count percentage of total count
                 A         B        C        D         E       F
            +---------+---------+-------+---------+---------+-------
      Total |     107 |      35 |  24.6 |      44 |      12 |  21.4
            +---------+---------+-------+---------+---------+-------
        D:1 |      50 |       0 |   0.0 |      28 |       0 |   0.0
        D:2 |      33 |      18 |  35.3 |      10 |      10 |  50.0
        D:3 |      24 |      17 |  41.5 |       6 |       2 |  25.0
            +---------+---------+-------+---------+---------+-------

Illustrated notes

Table legend:
 A = Kills in this place as a percentage of kills in entire the game.
 B = Kills by you in this place as a percentage of kills by you in the entire game.
 C = Kills by friends in this place as a percentage of kills by friends in the entire game.
 D = Other kills in this place as a percentage of other kills in the entire game.
 E = Experience gained in this place as a percentage of experience gained in the entire game.
 F = Experience gained in this place divided by the number of levels of this place that you have seen.
                   A       B       C       D       E      F
               +-------+-------+-------+-------+-------+----------------------
         Total | 100.0 | 100.0 |   N/A |   N/A | 100.0 |  47.3
       Dungeon | 100.0 | 100.0 |   N/A |   N/A | 100.0 |  47.3
               +-------+-------+-------+-------+-------+----------------------

Table legend: (Time is in decaauts)
 A = Elapsed time spent in this place.
 B = Non-inter-level travel time spent in this place.
 C = Inter-level travel time spent in this place.
 D = Time resting spent in this place.
 E = Time spent auto-exploring this place.
 F = Levels seen in this place.
 G = Mean time per level.
                   A        B        C        D        E       F      G
               +--------+--------+--------+--------+--------+-----+--------+
         Total |   2469 |   2410 |     59 |    146 |   1915 |   3 |  823.0 |
       Dungeon |   2469 |   2410 |     59 |    146 |   1915 |   3 |  823.0 |
               +--------+--------+--------+--------+--------+-----+--------+

Top non-repeatable levels by time:
     D:2: 1507 daAuts
     D:1: 839 daAuts
     D:3: 123 daAuts
